 Dungeon Crawl Stone Soup version 0.18.1-50-g88ac8fd (webtiles) character file.

278 epen the Insei (level 6, -6/50 HPs)
             Began as a Merfolk Monk on Sept 16, 2016.
             Killed by divine providence
             ... invoked by an orc priest
              (14 damage)
             ... on level 3 of the Dungeon.
             The game lasted 00:02:27 (1651 turns).

epen the Insei (Merfolk Monk)                       Turns: 1651, Time: 00:02:28

Health: -6/50      AC:  6    Str: 11    XL:     6   Next: 26%
Magic:  6/6        EV: 14    Int: 10    God:
Gold:   114        SH:  0    Dex: 18    Spells: 0 memorised, 5 levels left

rFire  . . .     SeeInvis +       - Unarmed
rCold  . . .     Gourm    .     m - +0 ring mail
rNeg   . . .     Faith    .     (no shield)
rPois  .         Spirit   .     (no helmet)
rElec  .         Dismiss  .     (no cloak)
rCorr  .         Reflect  .     l - +0 pair of gloves
SustAt .         Harm     .     (no boots)
MR     .....                    (no amulet)
Stlth  ++........               (no ring)
                                c - ring of see invisible

@: not resistant to hostile enchantments, unstealthy
A: change form in water, swift swim
a: no special abilities


You were on level 3 of the Dungeon.
You were not hungry.

You visited 1 branch of the dungeon, and saw 3 of its levels.

You collected 114 gold pieces.

Inventory:

Armour
 a - a +0 robe
 l - a +0 pair of gloves (worn)
 m - a +0 ring mail (worn)
Jewellery
 c - a ring of see invisible (left hand)
 e - an uncursed ring of ice
Wands
 t - a wand of random effects (23/48)
Scrolls
 f - a scroll of teleportation {unknown}
 h - 3 scrolls of remove curse {unknown}
 i - a scroll of random uselessness {unknown}
 n - a scroll of amnesia {unknown}
 q - 5 scrolls of identify {unknown}
 s - a scroll of immolation {unknown}
 u - a scroll of blinking {unknown}
Potions
 g - 4 potions of curing
 j - a potion of degeneration {unknown}
 k - a potion of magic {unknown}
 r - a potion of agility {unknown}
Comestibles
 b - 5 bread rations
 d - a beef jerky
 o - a meat ration
 p - a slice of pizza


   Skills:
 + Level 4.8 Fighting
 + Level 5.8 Dodging
 - Level 2.1 Stealth
 * Level 6.2 Unarmed Combat


You had 5 spell levels left.
You didn't know any spells.

Dungeon Overview and Level Annotations

Branches:
Dungeon (3/15)

Altars:
Fedhas
Qazlal
Sif Muna

Annotations:
D:3 epen's ghost, amateur MfMo


Message History

Epen's ghost is lightly damaged.
Epen's ghost hits you.
You hit epen's ghost.
Epen's ghost is lightly damaged.
Epen's ghost hits you.
You miss epen's ghost.
Epen's ghost is lightly damaged.
You hit epen's ghost.
Epen's ghost is moderately damaged.
Epen's ghost hits you.
You hit epen's ghost but do no damage.
Epen's ghost is moderately damaged.
Epen's ghost misses you.
The orc priest calls down the wrath of Beogh upon you.
Beogh smites you!
* * * LOW HITPOINT WARNING * * *
You are too injured to fight recklessly!
The orc priest calls down the wrath of Beogh upon you.
Beogh smites you!
You die...

............###................
#...........#...............#..
##........)............##......
#......o.....###..............
##............##.............#
##....†........#..............
....###.#.##...................
........#.o#####...............
### ##...oo.W@................
#.#####........"........( ###.#
#####.............. #...#
#.............. #...#
###.............. #...#
#.).......#...... #...###
#.#...########.>.
#.....#####.#.#..## #...
#.............##..# ####


You could see an orc priest, epen's ghost and 2 orcs.

Vanquished Creatures
  Grinder (D:3)
  An adder (D:2)
  2 dart slugs
  A giant gecko (D:2)
  3 orcs (D:3)
  A giant cockroach (D:3)
  8 hobgoblins
  7 jackals
  A quokka (D:3)
  4 ball pythons
  6 bats
  5 giant newts
  5 goblins
  4 kobolds
  8 rats
57 creatures vanquished.

Notes
Turn   | Place    | Note
--------------------------------------------------------------
     0 | D:1      | epen the Merfolk Monk began the quest for the Orb.
     0 | D:1      | Reached XP level 1. HP: 18/18 MP: 1/1
   145 | D:1      | You fall through a shaft!
   176 | D:2      | Reached XP level 2. HP: 12/24 MP: 2/2
   467 | D:1      | Reached XP level 3. HP: 29/30 MP: 3/3
   902 | D:2      | Found a faded altar to an unknown god.
  1008 | D:2      | Found a blossoming altar of Fedhas.
  1156 | D:2      | Found a deep blue altar of Sif Muna.
  1246 | D:3      | Reached skill level 5 in Unarmed Combat
  1247 | D:3      | Reached XP level 4. HP: 32/37 MP: 4/4
  1351 | D:3      | Reached skill level 5 in Dodging
  1439 | D:3      | Noticed epen's ghost (amateur MfMo)
  1482 | D:3      | Found a stormy altar of Qazlal.
  1483 | D:3      | Noticed Grinder
  1501 | D:3      | Killed Grinder
  1501 | D:3      | Reached skill level 6 in Unarmed Combat
  1501 | D:3      | Reached XP level 5. HP: 43/43 MP: 5/5
  1501 | D:3      | Reached XP level 6. HP: 50/50 MP: 6/6
  1651 | D:3      | Killed from afar by an orc priest

Skill      XL: |  1  2  3  4 |
---------------+-------------+-----
Fighting       | 4 |  4.8
Unarmed Combat | 5 6 |  6.2
Dodging        | 5 |  5.8
Stealth        | |  2.1

Action                   |  1- 3 |  4- 6 || total
-------------------------+-------+-------++-------
Melee: Unarmed           |   135 |    56 ||   191
       Punch             |     1 |     1 ||     2
  Use: Potion            |       |     2 ||     2
 Stab: Sleeping          |     1 |       ||     1
       Distracted        |     2 |       ||     2
  Eat: Chunk             |     1 |     2 ||     3
Armor: Robe              |    11 |       ||    11
       Ring mail         |    33 |    13 ||    46
Dodge: Dodged            |    97 |    26 ||   123
